 Dungeon Crawl Stone Soup version 0.20.0-15-g7f486f2 (webtiles) character file.

111 greprep the Covered (level 4, 0/41 HPs)
             Began as a Minotaur Fighter on June 11, 2017.
             Succumbed to an orc wizard's poison
             ... on level 3 of the Dungeon.
             The game lasted 00:03:01 (1837 turns).

greprep the Covered (Minotaur Fighter)              Turns: 1837, Time: 00:03:01

Health: 0/41       AC:  8    Str: 18 (21) XL:     4   Next: 62%
Magic:  3/3        EV: 13    Int:  2 (3)  God:
Gold:   88         SH:  9    Dex: 12 (15) Spells: 3/3 levels left

rFire    . . .     SeeInvis .   a - +0 long sword
rCold    . . .     Gourm    .   c - +0 shield
rNeg     . . .     Faith    .   b - +0 scale mail
rPois    .         Spirit   .   (helmet unavailable)
rElec    .         Reflect  .   (no cloak)
rCorr    .         Harm     .   (no gloves)
MR       .....                  (no boots)
Stlth    +.........             (no amulet)
Regen    0.2/turn               (no ring)
MPRegen  0.1/turn               (no ring)

@: agile, lethally poisoned (0 -> -5)
A: retaliatory headbutt, horns 3, rugged brown scales 1, dopey 1
a: no special abilities


You were on level 3 of the Dungeon.
You were not hungry.

You visited 1 branch of the dungeon, and saw 3 of its levels.

You collected 88 gold pieces.

Inventory:

Hand Weapons
 a - a +0 long sword (weapon)
Armour
 b - a +0 scale mail (worn)
 c - a +0 shield (worn)
Scrolls
 d - a scroll of enchant weapon {unknown}
 e - a scroll of recharging {unknown}
 i - a scroll of noise {unknown}
 k - 8 scrolls of identify {unknown}
 l - 3 scrolls of remove curse {unknown}
 m - a scroll of immolation {unknown}
 o - a scroll of magic mapping {unknown}
Potions
 n - a potion of brilliance
 p - a potion of cancellation
Comestibles
 f - 3 bread rations
 r - 3 fruits


   Skills:
 + Level 4.1 Fighting
 * Level 4.0 Long Blades
 + Level 4.3 Armour
 + Level 1.2 Dodging
 + Level 4.3 Shields


You had 3 spell levels left.
You didn't know any spells.

Dungeon Overview and Level Annotations

Branches:
Dungeon (3/15)

Altars:
Kikubaaqudgha
The Shining One


Innate Abilities, Weirdness & Mutations

You reflexively headbutt those who attack you in melee.
You have a pair of large horns on your head.
You are partially covered in rugged brown scales. (AC +1, +3% HP)
You are dopey. (Int -2)


Message History

The orc is heavily wounded.
* * * LOW HITPOINT WARNING * * *
You feel sick. The orc hits you with a flail.
* * * LOW HITPOINT WARNING * * *
It was a potion of mutation.
You feel extremely strange.
You feel stupid.
Rugged brown scales grow over part of your body.
The horns on your head grow some more.
* * * LOW HITPOINT WARNING * * *
You feel sick. The orc hits you but does no damage.
The orc wizard casts a spell.
The orc wizard blinks!
It was a potion of degeneration.
There was something very wrong with that liquid.
You feel weakened.
You feel dopey.
You feel clumsy. The orc barely misses you. You furiously retaliate!
You headbutt the orc.
You kill the orc!
It was a potion of agility.
You feel agile all of a sudden.
You die...

######.......#
#......#####.#
#......#####.#
#.....<...##.#
#......##.##.#
#......##.##.#
.....##.......#
##### #......##
#.##.#@#
..##.#)####
..#....)..#
#.##.#..#
........o...
...........#....
..##.##.?..# ###
# #. #.##.# #
... .#


You could see an orc wizard.

Vanquished Creatures
  An orc wizard (D:3)
  Terence (D:2)
  2 adders (D:2)
  A worm (D:2)
  A dart slug (D:1)
  An orc (D:3)
  2 bats
  5 goblins (D:1)
  2 hobgoblins
  7 jackals (D:1)
  3 kobolds (D:1)
  2 frilled lizards (D:1)
  8 rats
36 creatures vanquished.

Notes
Turn   | Place    | Note
-------+----------+-------------------------------------------
     0 | D:1      | greprep the Minotaur Fighter began the quest for the Orb.
     0 | D:1      | Reached XP level 1. HP: 19/19 MP: 0/0
   153 | D:1      | Reached XP level 2. HP: 27/27 MP: 1/1
   589 | D:1      | Reached XP level 3. HP: 33/33 MP: 2/2
   920 | D:2      | Found a glowing golden altar of the Shining One.
   978 | D:2      | Noticed Terence
  1004 | D:2      | Killed Terence
  1469 | D:2      | Reached XP level 4. HP: 40/40 MP: 3/3
  1554 | D:2      | Found an ancient bone altar of Kikubaaqudgha.
  1566 | D:2      | Found a faded altar of an unknown god.
  1822 | D:3      | Reached skill level 1 in Dodging
  1834 | D:3      | HP: 2/40 [orc/flail (2)]
  1835 | D:3      | Gained mutation: You are dopey. (Int -2) [potion of mutation]
  1835 | D:3      | Gained mutation: You are partially covered in rugged brown scales. (AC +1, +3% HP) [potion of mutation]
  1835 | D:3      | Gained mutation: You have a pair of large horns on your head. [potion of mutation]
  1837 | D:3      | Succumbed to an orc wizard's poison

Skill      XL: |  1  2  3  4 |
---------------+-------------+-----
Armour         | 4 |  4.3
Shields        | 4 |  4.3
Long Blades    | 3 4 |  4.0
Fighting       | 4 |  4.1
Dodging        | 1 |  1.2

Action                   |  1- 3 |  4- 6 || total
-------------------------+-------+-------++-------
Melee: Long sword        |    88 |    13 ||   101
       Headbutt          |    14 |     3 ||    17
  Use: Potion            |     1 |     6 ||     7
  Eat: Bread ration      |       |     1 ||     1
Armor: Scale mail        |    34 |     5 ||    39
Dodge: Dodged            |    33 |     6 ||    39
Block: Shield            |    59 |     4 ||    63
       Rpst.: Long sword |     8 |     1 ||     9
